 Dungeon Crawl Stone Soup version 0.22.1-1-ga44c0e5 (webtiles) character file.

187 Stepladder the Skirmisher (level 5, 0/47 HPs)
             Began as a Hill Orc Abyssal Knight on Nov 9, 2018.
             Was a Priest of Lugonu.
             Slain by a hornet zombie (7 damage)
             ... on level 2 of the Dungeon on Nov 10, 2018.
             The game lasted 00:12:49 (3476 turns).

Stepladder the Skirmisher (Hill Orc Abyssal Knight) Turns: 3476, Time: 00:12:50

Health: 0/47       AC:  9    Str: 16    XL:     5   Next: 66%
Magic:  7/8        EV:  7    Int: 12    God:    Lugonu [***...]
Gold:   77         SH:  0    Dex: 10    Spells: 2/4 levels left

rFire    + . .     SeeInvis .   a - +2 hand axe
rCold    . . .     Gourm    .   (no shield)
rNeg     . . .     Faith    .   n - +0 chain mail {rF+}
rPois    .         Spirit   .   (no helmet)
rElec    .         Reflect  .   (no cloak)
rCorr    .         Harm     .   (no gloves)
MR       +....                  (no boots)
Stlth    ..........             (no amulet)
HPRegen  0.15/turn              b - ring of protection from magic
MPRegen  0.11/turn              (no ring)

@: no status effects
A: no striking features
a: Depart the Abyss, Bend Space, Banish, Renounce Religion


You were on level 2 of the Dungeon.
You worshipped Lugonu.
Lugonu was most pleased with you.
You were hungry.

You visited 1 branch of the dungeon, and saw 3 of its levels.
You visited the Abyss 1 time.

You collected 77 gold pieces.

Inventory:

Hand Weapons
 a - a +2 hand axe (weapon)
 d - a +0 hunting sling
 i - a +0 dagger of speed
Missiles
 j - 13 stones (quivered)
Armour
 n - a +0 chain mail of fire resistance (worn)
 x - a +1 chain mail of fire resistance
Jewellery
 b - a ring of protection from magic (left hand)
Wands
 s - a wand of digging (13)
Scrolls
 e - 2 scrolls of immolation
 f - a scroll of noise {unknown}
 g - a scroll of remove curse {unknown}
 h - a scroll of enchant armour {unknown}
 l - a scroll of magic mapping {unknown}
 m - a scroll of enchant weapon
 p - a scroll of amnesia {unknown}
 r - a scroll of blinking {unknown}
Potions
 k - a potion of invisibility
 o - 2 potions of curing
 q - a potion of mutation {unknown}
 u - a potion of flight {unknown}
 v - a potion of degeneration {unknown}
 w - a potion of brilliance {unknown}
Comestibles
 c - 5 rations


   Skills:
 + Level 4.9 Fighting
 + Level 4.3 Axes
 + Level 3.6 Armour
 - Level 0.7 Dodging
 + Level 4.2 Invocations


You had 2 spell levels left.
You knew the following spells:

 Your Spells              Type           Power        Failure   Level  Hunger
a - Sticks to Snakes      Tmut           #.......     100%        2    ###....

Your spell library contained the following spells:

 Spells                   Type           Power        Failure   Level  Hunger
 Beastly Appendage        Tmut           #.....       99%         1    ##.....
 Spider Form              Tmut/Pois      #.........   100%        3    ####...
 Ice Form                 Ice/Tmut       #.......     100%        4    #####..
 Blade Hands              Tmut           #.........   100%        5    ######.


Dungeon Overview and Level Annotations

Branches:
Dungeon (3/15)

Altars:

Annotations:
D:3 Sigmund


Message History

You barely miss the hornet zombie.
The hornet zombie is heavily damaged.
The hornet zombie hits you!
* * * LOW HITPOINT WARNING * * *
The hornet zombie hits you.
* * * LOW HITPOINT WARNING * * *
There is a stone staircase leading down, spattered with blood here.
The hornet zombie hits you.
* * * LOW HITPOINT WARNING * * *
Space bends around you!
You blink.
You are feeling hungry.
Press: ? - help, Shift-Dir - straight line, f - hornet zombie
Aim: a hornet zombie (heavily damaged, chance to defeat MR: 89%)
You fail to use your ability.
Press: ? - help, Shift-Dir - straight line, f/p - hornet zombie
Aim: a hornet zombie (heavily damaged, chance to defeat MR: 89%)
You fail to use your ability.
The hornet zombie hits you.
* * * LOW HITPOINT WARNING * * *
The hornet zombie hits you!
You die...

#.# #..# .. #..# .# #.## #
#.# ########
###.############ #.#
#......# <........ยง...>.#
#.###......#
.######......#.#
#..........# ...#
######.#.####..####.####
##.## ##.#.Z@.#..#
#.####### #..##
#..####.#..# ##.......#
##..######.## #....#
#....###.# ##...##...#
#...####....# #.#
###..#)### ###.....>#....#
#..
##...#####.....##......#
##.
##..#.....###.........####.
##...######....#..##.#....
#..### ###............###


You could see a hornet zombie.

Vanquished Creatures
  An orc wizard (D:3)
  Terence (D:3)
  6 adders
  An ooze (D:1)
  A worm (D:2)
  4 dart slugs
  2 leopard geckos (D:1)
  2 orcs (D:3)
  2 giant cockroaches
  4 goblins
  5 hobgoblins
  12 kobolds
  A quokka (D:3)
  A ball python (D:1)
  12 bats
  3 frilled lizards
  8 rats
66 creatures vanquished.

Notes
Turn   | Place    | Note
-------+----------+-------------------------------------------
     0 | Abyss:1  | Stepladder the Hill Orc Abyssal Knight began the quest for
                  | the Orb.
     0 | Abyss:1  | Reached XP level 1. HP: 19/19 MP: 2/2
    19 | Abyss:1  | Noticed an eight-headed hydra zombie
    34 | D:1      | Escaped the Abyss
   232 | D:1      | Reached XP level 2. HP: 27/27 MP: 4/4
   536 | D:1      | Reached XP level 3. HP: 30/33 MP: 5/5
   555 | D:1      | Reached ** piety under Lugonu
  1270 | D:2      | Reached XP level 4. HP: 27/41 MP: 6/6
  1993 | D:2      | Learned a level 2 spell: Sticks to Snakes
  2601 | D:3      | Reached XP level 5. HP: 34/47 MP: 7/7
  2713 | D:3      | Noticed Sigmund
  2885 | D:3      | Reached *** piety under Lugonu
  3037 | D:3      | Noticed Terence
  3060 | D:3      | Killed Terence
  3476 | D:2      | Slain by a hornet zombie

Skill      XL: |  1  2  3  4  5 |
---------------+----------------+-----
Axes           | 3 4 |  4.3
Fighting       | 4 |  4.9
Invocations    | 3 4 |  4.2
Armour         | 3 |  3.6
Dodging        | |  0.7

Action                   |  1- 3 |  4- 6 || total
-------------------------+-------+-------++-------
Melee: Hand axe          |   136 |   154 ||   290
Invok: Bend Space        |       |     1 ||     1
  Use: Scroll            |       |     4 ||     4
  Eat: Chunk             |     1 |     7 ||     8
Armor: Ring mail         |    62 |     1 ||    63
       Chain mail        |       |   108 ||   108
Dodge: Dodged            |    76 |    61 ||   137
